 Dungeon Crawl Stone Soup version 0.30-a0-55-g90e3122c3a (webtiles) character file.

Game seed: 9737696658175522347

55241 Decritt the Warrior (level 14, -8/100 HPs)
             Began as a Gargoyle Fighter on Sept 10, 2022.
             Was a Priest of Ru.
             Mangled by Rupert
             ... wielding a +6 vorpal battleaxe
              (29 damage)
             ... on level 2 of the Orcish Mines.
             The game lasted 00:52:09 (24904 turns).

Decritt the Warrior (Gargoyle Fighter)             Turns: 24904, Time: 00:52:10

Health: -8/100     AC: 47    Str: 29    XL:     14   Next: 76%
Magic:  14/14      EV:  8    Int: 13    God:    Ru [***...]
Gold:   1741       SH: 10    Dex: 12    Spells: 13/13 levels left

rFire   + + .      SeeInvis +    g - +1 mace of Xom's Supremacy {venom, Contam rF++}
rCold   + . .      Faith    .    c - +0 buckler
rNeg    + . .      Spirit   .    e - +5 crystal plate armour "Muecete" {Fly rC+ Int+2}
rPois   ∞          Reflect  +    r - +1 helmet
rElec   +          Harm     .    (no cloak)
rCorr   .          Rampage  .    a - +2 pair of gloves {Dex+3}
Will    +....                    b - +2 pair of boots {Fly}
Stlth   ..........               K - amulet of reflection
HPRegen 0.26/turn                s - +6 ring of strength
MPRegen 0.14/turn                l - ring of see invisible

@: on berserk cooldown, flying, slowed, very slow
A: sickness immunity, AC +10, big wings, negative energy resistance 1,
electricity resistance, torment resistance 1, petrification resistance, no
stealth, inability to use devices
a: Renounce Religion, Draw Out Power


You were on level 2 of the Orcish Mines.
You worshipped Ru.
Ru was most pleased with you.
You visited 4 branches of the dungeon, and saw 20 of its levels.
You also visited: Ossuary.

You collected 1741 gold pieces.

Inventory:

Hand Weapons
 g - the +1 mace of Xom's Supremacy (weapon) {venom, Contam rF++}
   (You found it on level 9 of the Dungeon)

   It poisons the flesh of those it strikes.
   rF:        It greatly protects you from fire.
   Contam:    It causes magical contamination when unequipped.
 C - a +0 morningstar
 H - a +2 flail of freezing
 J - a +1 flail of protection
Missiles
 y - 6 boomerangs (quivered)
Armour
 a - a +2 pair of gloves of dexterity (worn)
 b - a +2 pair of boots of flying (worn)
 c - a +0 buckler (worn)
 e - the +5 crystal plate armour "Muecete" (worn) {Fly rC+ Int+2}
   (You acquired it on level 5 of the Dungeon)

   Int:       It affects your intelligence (+2).
   rC:        It protects you from cold.
   Fly:       It grants you flight.
 r - a +1 helmet (worn)
Jewellery
 l - a ring of see invisible (right hand)
 p - a +4 ring of evasion
 s - a +6 ring of strength (left hand)
 I - a +4 ring of protection
 K - an amulet of reflection (around neck)
Scrolls
 f - 3 scrolls of fear
 h - 5 scrolls of teleportation
 j - a scroll of magic mapping
 n - 2 scrolls of immolation
 o - a scroll of poison
 q - 4 scrolls of enchant armour
 t - 3 scrolls of silence {unknown}
 w - 2 scrolls of blinking
 A - 2 scrolls of butterflies
 E - 2 scrolls of enchant weapon {unknown}
 F - a scroll of brand weapon
 N - a scroll of torment {unknown}
Potions
 d - 2 potions of might
 i - 3 potions of cancellation
 m - 4 potions of mutation
 u - a potion of resistance {unknown}
 v - 3 potions of haste
 x - 6 potions of curing
 B - a potion of heal wounds
 D - a potion of ambrosia {unknown}
 G - 4 potions of invisibility {unknown}
 L - a potion of berserk rage
 S - 4 potions of attraction


   Skills:
 * Level 16.5 Fighting
 + Level 15.2 Maces & Flails
 - Level 3.0 Throwing
 * Level 12.6 Armour
 + Level 6.2 Dodging
 - Level 5.3 Shields


You had 13 spell levels left.
You didn't know any spells.
Your spell library contained the following spells:

 Spells                   Type           Power      Damage    Failure   Level
 Apportation              Tloc           0%         N/A       100%        1
 Necrotise                Necr           0%         1d4       100%        1
 Shock                    Conj/Air       0%         1d3       100%        1
 Summon Small Mammal      Summ           0%         N/A       100%        1
 Poisonous Vapours        Pois/Air       0%         N/A       100%        2
 Static Discharge         Conj/Air       0%         3-3/arc   100%        2
 Dazzling Flash           Conj/Hex       0%         N/A       100%        3
 Ozocubu's Armour         Ice            0%         N/A       100%        3
 Animate Armour           Summ/Erth      0%         N/A       100%        4
 Corpse Rot               Necr/Pois/Air  0%         N/A       100%        4
 Dispel Undead            Necr           0%         3d6       100%        4
 Fulminant Prism          Conj/Hex       0%         3d6       100%        4
 Hailstorm                Conj/Ice       0%         3d3       100%        4
 Iskenderun's Mystic Bla  Conj/Tloc      0%         2d3       100%        4
 Alistair's Intoxication  Tmut/Pois      0%         N/A       100%        5
 Blade Hands              Tmut           0%         N/A       100%        5
 Lightning Bolt           Conj/Air       0%         1d11      100%        5
 Metabolic Englaciation   Hex/Ice        0%         N/A       100%        5
 Death Channel            Necr           0%         N/A       100%        6
 Iron Shot                Conj/Erth      0%         9d1       100%        6
 Simulacrum               Ice/Necr       0%         N/A       100%        6
 Starburst                Conj/Fire      0%         6d3       100%        6
 Maxwell's Capacitive Co  Air            0%         ∞         100%        8


Dungeon Overview and Level Annotations

Branches:
Dungeon (12/15)            Temple (1/1) D:5            Lair (5/5) D:9
 Shoals (0/4) Lair:2        Snake (0/4) Lair:2        Slime (0/5) Lair:4
    Orc (2/2) D:11            Elf (0/3) Orc:2       Ossuary (visited)

Altars:
Ashenzari
Cheibriados
Dithmenos
Elyvilon
Fedhas
Gozag
Hepliaklqana
Kikubaaqudgha
Makhleb
Nemelex Xobeh
Okawaru
Qazlal
Ru
Sif Muna
Trog
Uskayaw
Vehumet
Wu Jian
Xom
Yredelemnul
Zin
The Shining One
Jiyva

Annotations:
Lair:4 3 runed translucent doors, Heedrag's ghost, journeyman TrTm
Orc:2 Rupert


Innate Abilities, Weirdness & Mutations

You are immune to sickness and miasma.
Your stone body is resilient. (AC +10)
You are immune to poison.
Your large and strong wings let you fly.
You resist negative energy. (rN+)
You are resistant to electric shocks. (rElec)
You are resistant to unholy torment.
You are immune to petrification.
You cannot be stealthy.
You cannot study or use magical devices.


Message History

Rupert hits you but does no damage.
You hit Rupert but do no damage.
Rupert looks as sick as possible!
Rupert is severely wounded.
You block Rupert's attack.
You completely miss Rupert.
Rupert is severely wounded.
You sock Rupert!
Rupert looks as sick as possible!
Rupert is severely wounded.
Rupert hits you with a +6 vorpal battleaxe!
* * * LOW HITPOINT WARNING * * *
* * * LOW HITPOINT WARNING * * *
You thump Rupert!
Rupert looks as sick as possible!
Rupert is almost dead.
You are no longer berserk.
You are exhausted.
You feel yourself slow down.
Rupert hits you with a +6 vorpal battleaxe.
* * * LOW HITPOINT WARNING * * *
* * * LOW HITPOINT WARNING * * *
You hit Rupert.
Rupert looks as sick as possible!
Rupert is almost dead.
Rupert hits you with a +6 vorpal battleaxe.
* * * LOW HITPOINT WARNING * * *
* * * LOW HITPOINT WARNING * * *
You thump Rupert!
Rupert looks as sick as possible!
Rupert is almost dead.
Rupert hits you with a +6 vorpal battleaxe!
* * * LOW HITPOINT WARNING * * *
* * * LOW HITPOINT WARNING * * *
Rupert hits you with a +6 vorpal battleaxe!
* * * LOW HITPOINT WARNING * * *
* * * LOW HITPOINT WARNING * * *
You feel much better. Rupert barely misses you. You block Rupert's attack.
You hit Rupert.
Rupert looks as sick as possible!
Rupert is almost dead.
Rupert hits you with a +6 vorpal battleaxe!!
* * * LOW HITPOINT WARNING * * *
* * * LOW HITPOINT WARNING * * *
Rupert hits you with a +6 vorpal battleaxe!!
You die...

#.### ....# ##..... #.....#
### ##....# ###.## ###....#
#....# ##@#..# #.# ###..###
##.@<..### ..# #...<..##
##........###..#
##.......####..........#..#
....[.....#.........$..#..#
.....##...#...............#
.....###.........###......#
.....# ##........# #....$.#
...### #......### #......#


You could see Rupert (berserk, extremely poisoned).

Vanquished Creatures
  Nessos (Lair:5)
  5 hydras
  7 death yaks
  3 two-headed ogres
  2 catoblepae (Lair:5)
  2 boulder beetles
  A death knight (D:9)
  4 orc high priests
  3 lindwurms (Lair:5)
  2 cyclopes
  2 wolf spiders (Lair:5)
  An orc knight (Orc:1)
  2 orc sorcerers
  3 manticores
  A merfolk siren (Lair:2)
  7 elephants
  5 torpor snails
  3 black mambas
  19 cane toads
  An unseen horror (D:10)
  A kobold demonologist (D:9)
  5 rime drakes
  7 komodo dragons
  6 trolls
  4 polar bears
  A hornet (D:10)
  3 slime creatures (Lair:4)
  5 blink frogs (Lair:5)
  10 dream sheep
  A shadow (D:9)
  27 yaks
  5 wyverns
  Eustachio (D:5)
  A basilisk (Lair:5)
  Edmund (D:6)
  2 nagas (Lair:2)
  8 water moccasins
  6 wargs
  An acid dragon (D:9)
  9 orc warriors
  3 black bears
  A sky beast (D:6)
  2 centaurs
  4 ogres
  34 wolves
  Blork the orc (D:6)
  2 necrophages (D:5)
  A gnoll sergeant (D:8)
  2 scorpions
  6 bullfrogs
  2 water moccasin zombies (Ossuary)
  8 wights (D:9)
  4 killer bees (D:10)
  2 electric eels (Lair:5)
  7 howler monkeys
  2 hounds
  5 jellies
  17 orc priests
  Jessica (D:2)
  16 orc wizards
  5 hell rats (Lair:3)
  2 mummies (Ossuary)
  14 gnolls
  6 adders
  4 white imps (D:7)
  An ufetubus (D:4)
  An adder zombie (Ossuary)
  2 worms (D:2)
  3 dart slugs
  63 orcs
  6 ball pythons
  6 endoplasms
  A giant cockroach (D:1)
  5 goblins
  8 hobgoblins
  12 jackals
  2 kobolds
  6 quokkas
  2 bats (D:1)
  5 frilled lizards
  3 gnoll zombies (Ossuary)
  6 hobgoblin zombies (Ossuary)
  5 kobold zombies (Ossuary)
  An orc zombie (Ossuary)
  4 rats
  A spectral kobold (D:3)
  2 briar patches (Lair:3)
474 creatures vanquished.

Vanquished Creatures (others)
  A hydra (D:11)
  A deep elf pyromancer (D:12)
  2 orcs (D:11)
  A briar patch (Lair:3)
  2 bushes (Lair:5)
  16 fungi
  22 plants
45 creatures vanquished.

Grand Total: 519 creatures vanquished

Notes
Turn   | Place    | Note
-------+----------+-------------------------------------------
     0 | D:1      | Decritt the Gargoyle Fighter began the quest for the Orb.
     0 | D:1      | Reached XP level 1. HP: 14/14 MP: 1/1
   286 | D:1      | Reached XP level 2. HP: 14/19 MP: 2/2
   908 | D:1      | Reached XP level 3. HP: 24/24 MP: 3/3
  1468 | D:2      | Reached skill level 4 in Fighting
  1933 | D:2      | Reached XP level 4. HP: 24/29 MP: 4/4
  2088 | D:2      | Noticed Jessica
  2103 | D:2      | Killed Jessica
  2117 | D:2      | HP: 1/30 [adder (2)]
  2942 | D:3      | Found a faded altar of an unknown god.
  2965 | D:3      | Reached XP level 5. HP: 34/34 MP: 5/5
  4203 | D:4      | Noticed an ogre
  4212 | D:4      | Killed an ogre
  4213 | D:4      | Reached skill level 5 in Fighting
  4213 | D:4      | Reached XP level 6. HP: 9/40 MP: 6/6
  4654 | D:4      | Found a radiant altar of Vehumet.
  5006 | D:5      | Entered Level 5 of the Dungeon
  5008 | D:5      | Identified a scroll of acquirement
  5008 | D:5      | Acquired the +5 crystal plate armour "Muecete" {Fly rC+
                  | Int+2}
  5038 | D:5      | Found a staircase to the Ecumenical Temple.
  5048 | Temple   | Entered the Ecumenical Temple
  5395 | D:5      | Found a bloodstained altar of Trog.
  5409 | D:5      | Found a sand-covered staircase.
  5416 | Ossuary  | Entered an ossuary
  5568 | Ossuary  | Reached skill level 6 in Fighting
  5568 | Ossuary  | Reached XP level 7. HP: 35/46 MP: 7/7
  5901 | D:5      | Reached skill level 5 in Armour
  5901 | D:5      | Reached skill level 5 in Shields
  5904 | D:5      | Noticed Eustachio
  5920 | D:5      | Killed Eustachio
  5926 | D:5      | Reached XP level 8. HP: 33/52 MP: 8/8
  6046 | D:5      | Reached skill level 7 in Fighting
  6488 | D:5      | Reached skill level 5 in Maces & Flails
  7157 | D:6      | Noticed Edmund
  7172 | D:6      | Killed Edmund
  7227 | D:6      | Found a glowing golden altar of the Shining One.
  7360 | D:6      | Noticed a two-headed ogre
  7710 | D:6      | Killed a two-headed ogre
  7711 | D:6      | Reached skill level 8 in Fighting
  7711 | D:6      | Reached XP level 9. HP: 33/59 MP: 9/9
  7861 | D:6      | Noticed Blork the orc
  7877 | D:6      | Killed Blork the orc
  8145 | D:7      | Found a burning altar of Makhleb.
  8271 | D:7      | Found a shadowy altar of Dithmenos.
  8320 | D:7      | Found a shimmering blue altar of Sif Muna.
  9425 | D:6      | Became a worshipper of the Shining One
  9563 | D:8      | Found a sacrificial altar of Ru.
  9570 | D:8      | Fell from the grace of the Shining One
  9570 | D:8      | Became a worshipper of Ru the Awakened
  9888 | D:8      | Found a broken altar of Ashenzari.
 10255 | D:9      | Noticed an orc sorcerer
 10265 | D:9      | Noticed a soul eater
 10274 | D:9      | Killed an orc sorcerer
 10275 | D:9      | Reached skill level 9 in Fighting
 10275 | D:9      | Reached XP level 10. HP: 33/66 MP: 10/10
 10567 | D:9      | Found a transporter.
 10572 | D:9      | Found a transporter.
 10801 | D:9      | Found a basalt altar of Yredelemnul.
 10805 | D:9      | Noticed a death knight
 10811 | D:9      | Found an ancient bone altar of Kikubaaqudgha.
 10893 | D:9      | Found a staircase to the Lair.
 11313 | D:9      | Noticed a kobold demonologist
 11323 | D:9      | Killed a kobold demonologist
 11522 | D:9      | Noticed a two-headed ogre
 11534 | D:9      | Killed a two-headed ogre
 11535 | D:9      | Reached skill level 10 in Fighting
 11809 | D:10     | Entered Level 10 of the Dungeon
 11869 | D:10     | Reached skill level 10 in Maces & Flails
 12094 | D:10     | Reached XP level 11. HP: 73/73 MP: 11/11
 12225 | D:10     | Found an ornate altar of the Wu Jian Council.
 12586 | D:10     | Reached skill level 10 in Armour
 12829 | Lair:1   | Entered Level 1 of the Lair of Beasts
 12896 | Lair:1   | Reached skill level 11 in Fighting
 14256 | Lair:2   | Noticed an eight-headed hydra
 14688 | Lair:2   | Found a staircase to the Shoals.
 14885 | Lair:2   | Reached skill level 12 in Fighting
 14994 | Lair:2   | Noticed a boulder beetle
 15047 | Lair:2   | Killed a boulder beetle
 15147 | Lair:2   | Reached XP level 12. HP: 81/82 MP: 12/12
 15255 | Lair:2   | Killed an eight-headed hydra
 15256 | Lair:2   | Reached skill level 1 in Dodging
 15503 | Lair:2   | Found a staircase to the Snake Pit.
 15942 | Lair:3   | Noticed a death yak
 15963 | Lair:3   | Killed a death yak
 15970 | Lair:3   | Reached skill level 13 in Fighting
 16218 | Lair:3   | Noticed a death yak
 16221 | Lair:3   | Noticed a death yak
 16221 | Lair:3   | Noticed a death yak
 16222 | Lair:3   | Noticed a death yak
 16225 | Lair:3   | Killed a death yak
 16230 | Lair:3   | Noticed a death yak
 16233 | Lair:3   | Killed a death yak
 16241 | Lair:3   | Killed a death yak
 16251 | Lair:3   | Killed a death yak
 16265 | Lair:3   | Killed a death yak
 16480 | Lair:3   | Noticed a six-headed hydra
 16489 | Lair:3   | Reached skill level 14 in Fighting
 16494 | Lair:3   | Killed a six-headed hydra
 16495 | Lair:3   | Reached XP level 13. HP: 58/90 MP: 13/13
 16638 | Lair:3   | Found a transporter.
 16673 | Lair:3   | Found a transporter.
 16983 | Lair:3   | Gained mutation: You cannot be stealthy. [Ru sacrifice]
 17782 | Lair:4   | Got Linasuf's Tome of the Barrage
 17824 | Lair:4   | Found a viscous altar of Jiyva.
 17826 | Lair:4   | Found a staircase to the Slime Pits.
 17867 | Lair:4   | Reached skill level 1 in Throwing
 18307 | Lair:4   | Found a runed translucent gate.
 18308 | Lair:4   | Found a runed translucent gate.
 18310 | Lair:4   | Found a runed translucent gate.
 18310 | Lair:4   | Noticed an azure jelly
 18311 | Lair:4   | Noticed an azure jelly
 18312 | Lair:4   | Noticed an acid blob
 18312 | Lair:4   | Noticed a great orb of eyes
 18312 | Lair:4   | Noticed an acid blob
 18312 | Lair:4   | Noticed a quicksilver ooze
 18313 | Lair:4   | Found a viscous altar of Jiyva.
 18313 | Lair:4   | Noticed Heedrag's ghost (journeyman TrTm)
 18313 | Lair:4   | Noticed an azure jelly
 18313 | Lair:4   | Noticed an azure jelly
 18313 | Lair:4   | Noticed an acid blob
 18314 | Lair:4   | Noticed an acid blob
 18359 | Lair:4   | You are sucked into a shaft and drop 1 floor!
 18359 | Lair:5   | Entered Level 5 of the Lair of Beasts
 18427 | Lair:5   | Reached skill level 15 in Fighting
 19010 | Lair:5   | Reached skill level 5 in Dodging
 19020 | Lair:5   | Gained mutation: You cannot study or use magical devices.
                  | [Ru sacrifice]
 19020 | Lair:5   | Reached * piety under Ru
 19020 | Lair:5   | Reached ** piety under Ru
 19020 | Lair:5   | Reached *** piety under Ru
 19181 | Lair:5   | Gained mutation: Your large and strong wings let you fly.
                  | [Gargoyle growth]
 19181 | Lair:5   | Reached XP level 14. HP: 97/98 MP: 14/14
 19739 | Lair:5   | Noticed Nessos
 19750 | Lair:5   | Killed Nessos
 20389 | Lair:4   | Reached skill level 16 in Fighting
 20562 | D:9      | Identified the +1 mace of Xom's Supremacy {venom, Contam
                  | rF++}
 20615 | D:9      | Reached skill level 15 in Maces & Flails
 21145 | D:11     | Found a staircase to the Orcish Mines.
 22278 | Orc:1    | Entered Level 1 of the Orcish Mines
 22707 | Orc:2    | Entered Level 2 of the Orcish Mines
 22707 | Orc:2    | Found a staircase to the Elven Halls.
 24588 | Orc:2    | Noticed Rupert
 24904 | Orc:2    | Mangled by Rupert

Illustrated notes

Levels and vault maps discovered:
D:1:      erik_arrival_cave_to_civilisation [erik_arrival_cave_to_hall],
          layout_basic, st_stairs_3
D:2:      layout_basic, kennysheep_small_spiral, uniq_jessica
D:3:      layout_basic, dreamdust_ecumenical_altar_drowned_temple, minivault_14,
          chequers_serial_rivers_marsh
D:4:      layout_basic, mainiacjoe_overflow_surrounded_room
D:5:      layout_basic, mainiacjoe_overflow_brackets, minmay_temple_entry_tees,
          chequers_ossuary_entry_cave, eino_curves_02, uniq_eustachio
D:6:      layout_cave_pods, tso_altar, uniq_blork_the_orc, uniq_edmund
D:7:      layout_loops_ring, kennysheep_mini, lemuel_tele_altar,
          kennysheep_mini_moat
D:8:      layout_rooms, nicolae_ru_awakened_eye, kennysheep_little_box,
          minmay_misc_feat_secret_circle
D:9:      cheibrodos_wizards_tower, layout_gridville,
          gammafunk_temple_of_torment, lair_entry_dummy
D:10:     layout_gridville, mainiacjoe_overflow_alcove_4, hex_tiny,
          david_defended_altar_orc
D:11:     layout_small_grid, hiddenorc1_lemuel
D:12:     layout_roguey, serial_aquarium, aquarium_bridge_square
          [aquarium_subvault_bridge, aquarium_subvault_bridge,
          aquarium_subvault_bridge, aquarium_subvault_wall], aquarium_window_1,
          aquarium_window_1, aquarium_view_2c, aquarium_balcony_5b,
          aquarium_pool_five
Temple:   chequers_temple_sunken
Lair:1:   layout_hall_layers, beast_lair_carwin_3, grunt_megastairs_5,
          serial_bayou_shore_b
Lair:2:   beast_lair_carwin_large_2, layout_cellular_growth,
          minmay_shoals_entry_lonely_mermaid, guppyfry_snake_entry_island,
          serial_bayou_pond_e, nicolae_lair_grove_arrangements
Lair:3:   gammafunk_worm_tunnel, layout_cave_pods, beast_lair_carwin_1,
          lemuel_fruit_fields
Lair:4:   layout_roguey, minmay_slime_entry_pillars, gammafunk_ghost_ooze,
          chequers_serial_rivers_small_3
Lair:5:   hangedman_lair_in_review, layout_gridlike, minmay_hedge_maze,
          fungi_pond_lemuel, chequers_serial_rivers_micro_a, st_stairs_3,
          uniq_nessos
Orc:1:    cheibrodos_orc_bank, layout_caves
Orc:2:    st_orc_town, layout_diamond_mine, nicolae_orc_stony_grotto,
          mines_bat_river, uniq_rupert

Skill      XL: |  1  2  3  4  5  6  7  8  9 10 11 12 13 14 |
---------------+-------------------------------------------+-----
Fighting       | 4 5 6 8 9 10 12 14 15 16 | 16.5
Shields        | 4 5 |  5.3
Armour         | 4 5 6 7 9 11 12 | 12.6
Maces & Flails | 3 4 7 8 10 11 13 14 15 | 15.2
Dodging        | 3 5 6 |  6.2
Throwing       | 3 |  3.0

Action                   |  1- 3 |  4- 6 |  7- 9 | 10-12 | 13-15 || total
-------------------------+-------+-------+-------+-------+-------++-------
Melee: Flail             |    77 |       |   279 |   699 |   543 ||  1598
       Whip              |    82 |   311 |    39 |       |       ||   432
       Mace              |       |       |       |       |   393 ||   393
Throw: Dart              |       |    41 |    44 |    18 |   113 ||   216
       Boomerang         |       |       |       |    81 |   159 ||   240
Invok: Reject Sacrifices |       |       |       |     1 |     1 ||     2
       Sacrifice Stealth |       |       |       |       |     1 ||     1
       Sacrifice Artific |       |       |       |       |     1 ||     1
Evoke: Wand              |       |       |     9 |       |       ||     9
  Use: Scroll            |       |    11 |     5 |     8 |     5 ||    29
       Potion            |       |       |       |     2 |     5 ||     7
 Stab: Petrified         |       |       |       |       |     8 ||     8
       Petrifying        |       |       |       |       |     1 ||     1
       Distracted        |       |       |       |       |     2 ||     2
Armor: Scale mail        |    93 |    72 |       |       |       ||   165
       Crystal plate arm |       |    72 |   269 |   824 |   693 ||  1858
Dodge: Dodged            |    80 |   142 |    82 |   222 |   243 ||   769
Block: Buckler           |    44 |    72 |   103 |   416 |   395 ||  1030
       Reflection        |       |       |     2 |     1 |    10 ||    13

Table legend: (Time is in decaauts)
 A = Elapsed time spent in this place.
 B = Non-inter-level travel time spent in this place.
 C = Inter-level travel time spent in this place.
 D = Time resting spent in this place.
 E = Time spent auto-exploring this place.
 F = Levels seen in this place.
 G = Mean time per level.
                   A        B        C        D        E       F      G
               +--------+--------+--------+--------+--------+-----+--------+
         Total |  24734 |  23795 |    939 |   3509 |  15860 |  21 | 1177.8 |
       Dungeon |  13521 |  12839 |    682 |   1871 |   8705 |  12 | 1126.8 |
        Temple |    795 |    767 |     28 |      0 |    699 |   1 |  795.0 |
          Lair |   7584 |   7400 |    184 |   1060 |   4847 |   5 | 1516.8 |
  Orcish Mines |   2443 |   2399 |     44 |    578 |   1388 |   2 | 1221.5 |
       Ossuary |    390 |    390 |      0 |      0 |    221 |   1 |  390.0 |
               +--------+--------+--------+--------+--------+-----+--------+

Top non-repeatable levels by time:
     D:9: 1963 daAuts
  Lair:5: 1794 daAuts
   Orc:1: 1676 daAuts
  Lair:3: 1607 daAuts
  Lair:2: 1516 daAuts
     D:5: 1421 daAuts
  Lair:1: 1415 daAuts
     D:1: 1396 daAuts
     D:2: 1256 daAuts
  Lair:4: 1251 daAuts
    D:11: 1213 daAuts
     D:4: 1211 daAuts
     D:3: 1171 daAuts
     D:6: 1133 daAuts
    D:10: 1013 daAuts
